 Dungeon Crawl Stone Soup version 0.31-a0-960-g0fca184906 (webtiles) character file.

Game seed: 8109945107380719359

726 gelatine the Ruffian (level 7, -3/45 HPs)
             Began as an Octopode Shapeshifter on Oct 23, 2023.
             Slain by Duvessa
             ... wielding a +0 short sword
              (12 damage)
             ... on level 4 of the Dungeon.
             The game lasted 00:06:09 (2658 turns).

gelatine the Ruffian (Octopode Shapeshifter)        Turns: 2658, Time: 00:06:10

Health: -3/45      AC:  1    Str: 15    XL:     7   Next: 72%
Magic:  7/7        EV: 13    Int: 12    God:
Gold:   101        SH:  0    Dex: 12    Spells: 6/6 levels left

rFire   . .          .
                       - Unarmed
rCold   . . .        (no shield)
rNeg    . . .        (helmet currently unavailable)
rPois   .            (no amulet)
rElec   .            (no ring)
rCorr   .            (no ring)
SInv    .            (no ring)
Will    .....        (no ring)
Stlth   ++++         (no ring)
HPRegen 0.27/turn    (no ring)
MPRegen 0.10/turn    (no ring)
                     (no ring)

%: no passive effects
@: beast-form
A: beast (slay +2), almost no armour, amphibious, 8 rings, camouflage 1,
gelatinous body 1, (nimble swimmer 1), tentacles
a: Begin Untransformation


You were on level 4 of the Dungeon.
You were a hulking beast.
You visited 1 branch of the dungeon, and saw 4 of its levels.

You collected 101 gold pieces.

Inventory:

Missiles
 d - 14 stones (quivered)
 u - 6 boomerangs
 w - 12 poisoned darts
Jewellery
 s - a ring of fire
Talismans
 b - a beast talisman
 c - a flux talisman
Scrolls
 e - a scroll of immolation {unknown}
 f - a scroll of silence {unknown}
 g - a scroll of enchant armour
 h - a scroll of noise {unknown}
 i - a scroll of revelation {unknown}
 j - a scroll of enchant weapon {unknown}
 k - a scroll of vulnerability {unknown}
 l - a scroll of torment {unknown}
 m - 4 scrolls of identify {unknown}
 r - 2 scrolls of teleportation {unknown}
Potions
 a - a potion of lignification
 p - a potion of mutation {unknown}
 q - a potion of attraction {unknown}
 t - a potion of magic {unknown}
 v - 2 potions of heal wounds {unknown}


   Skills:
 + Level 2.2 Fighting
 + Level 2.0 Throwing
 + Level 3.0 Dodging
 + Level 5.2 Stealth
 + Level 6.0 Unarmed Combat
 + Level 4.1 Shapeshifting


You had 6 spell levels left.
You didn't know any spells.
Your spell library contained the following spells:

 Spells                   Type           Power      Damage    Failure   Level
 Slow                     Hex            0%         N/A       32%         1
 Confusing Touch          Hex            0%         N/A       69%         3
 Sigil of Binding         Hex            0%         N/A       69%         3
 Vampiric Draining        Necr           0%         2d6       69%         3


Dungeon Overview and Level Annotations

Branches:
Dungeon (4/15)
 Temple: D:4-7

Altars:
Ashenzari
Nemelex Xobeh
Uskayaw
Wu Jian
Xom
Zin

Shops:
D:1 [   D:2 *=

Annotations:
D:4 Dowan, Duvessa


Innate Abilities, Weirdness & Mutations

You are a hulking beast.
Your limbs bulge with bestial killing power. (Slay +2)
You cannot wear most types of armour.
You are amphibious.
You can wear up to eight rings at the same time.
Your skin changes colour to match your surroundings (Stealth+).
Your rubbery body absorbs attacks. (AC +1, EV +1)
((You are camouflaged when in or above water. (Stealth+)))
You have tentacles for arms and can constrict up to eight enemies at once.


Message History

Throw: throwing net
Press: ? - help, Shift-Dir - straight line You throw a throwing net.
Duvessa, Sister of Dowan comes into view.
She is wielding a +0 short sword.
Something hits you!
Things that are here:
a +0 hand axe; an orc corpse Dowan, Brother of Duvessa comes into view.
He is wielding a +0 dagger.
Dowan moves out of view.
You tentacle-slap something.
Your tentacle-slap misses something.
Something hits you but does no damage.
You tentacle-slap something. You squeeze something.
Reactivating autopickup.
You feel a bit more experienced.
Your Throwing skill increases to level 2!
Your Dodging skill increases to level 3!
Your Unarmed Combat skill increases to level 6!
Items here: (( ) [.
You barely miss Duvessa. Your grab misses Duvessa.
Throw: 13 darts (poison)
Press: ? - help, Shift-Dir - straight line, f - Duvessa
Aim: Duvessa, wielding a +0 short sword and wearing a +0 ring mail (67% to hit)
You throw a poisoned dart. The poisoned dart hits Duvessa.
Duvessa is poisoned.
Duvessa hits you with a +0 short sword!
You bludgeon Duvessa! You grab Duvessa.
Duvessa is moderately wounded.
You constrict Duvessa. Duvessa misses you.
You tentacle-slap Duvessa.
Your tentacle-slap misses Duvessa.
Duvessa is heavily wounded.
You constrict Duvessa. Duvessa hits you with a +0 short sword!
* * * LOW HITPOINT WARNING * * *
Dowan shouts!
You tentacle-slap Duvessa but do no damage.
Duvessa is heavily wounded.
You constrict Duvessa. Duvessa misses you.
You tentacle-slap Duvessa. You squeeze Duvessa, but do no damage.
Duvessa is heavily wounded.
You constrict Duvessa, but do no damage.
Duvessa hits you with a +0 short sword!
You die...

..########.# ....##..#..+
.# .......#...##### ##.#
...............##### ....#
....##...###....... ....#
....#.##.........e###e..#
....#.....###......#....#
>..........### #...#..###
......###.$#.###he).....#
.......###.)......###....#
......##.........###.....#
...................... ..#
........#.#..#.#! ..#
...##...#.##.#... ## ..
.......##..... .
..............
.......#.......


You could see Duvessa (poisoned) and Dowan.

Vanquished Creatures
  Grinder (D:3)
  Sigmund (D:4)
  A black bear (D:3)
  A phantom (D:4)
  Natasha (thrice) (D:3)
  5 adders
  3 worms
  A dart slug (D:1)
  An orc (D:4)
  4 endoplasms
  4 giant cockroaches
  5 hobgoblins
  3 jackals (D:2)
  A quokka (D:2)
  11 ball pythons
  4 bats
  4 frilled lizards
  6 goblins
  9 kobolds
  5 rats
73 creatures vanquished.

Notes
Turn   | Place    | Note
-------+----------+-------------------------------------------
     0 | D:1      | gelatine the Octopode Shapeshifter began the quest for the
                  | Orb.
     0 | D:1      | Reached XP level 1. HP: 13/13 MP: 1/1
   116 | D:1      | Reached XP level 2. HP: 18/18 MP: 2/2
   156 | D:1      | Reached skill level 1 in Stealth
   167 | D:1      | Found Weloirph's Antique Armour Shoppe.
   785 | D:2      | Found Irphusk's General Store.
   791 | D:2      | Reached XP level 3. HP: 18/23 MP: 3/3
  1039 | D:2      | Found Gegesibo's One-of-a-Kind Rings.
  1425 | D:3      | Noticed Natasha
  1430 | D:3      | Killed Natasha
  1431 | D:3      | Reached XP level 4. HP: 28/28 MP: 4/4
  1690 | D:3      | Noticed Natasha
  1698 | D:3      | Killed Natasha
  1801 | D:3      | Reached XP level 5. HP: 31/33 MP: 5/5
  1881 | D:3      | Noticed a black bear
  1887 | D:3      | Killed a black bear
  1888 | D:3      | Reached skill level 4 in Unarmed Combat
  2069 | D:3      | Noticed Grinder
  2089 | D:3      | Killed Grinder
  2090 | D:3      | Reached skill level 1 in Throwing
  2090 | D:3      | Reached skill level 5 in Unarmed Combat
  2090 | D:3      | Reached XP level 6. HP: 22/39 MP: 6/6
  2191 | D:3      | Found a shimmering altar of Xom.
  2191 | D:3      | Found a faded altar of an unknown god.
  2207 | D:3      | Found a sparkling altar of Nemelex Xobeh.
  2209 | D:3      | Found a broken altar of Ashenzari.
  2211 | D:3      | Found a glowing silver altar of Zin.
  2224 | D:3      | Noticed Natasha
  2230 | D:3      | Killed Natasha
  2231 | D:3      | Reached XP level 7. HP: 45/45 MP: 7/7
  2344 | D:3      | Found an ornate altar of the Wu Jian Council.
  2497 | D:4      | Found a hide-covered altar of Uskayaw.
  2624 | D:4      | Reached skill level 5 in Stealth
  2638 | D:4      | Noticed Sigmund
  2647 | D:4      | Noticed Duvessa
  2649 | D:4      | Noticed Dowan
  2651 | D:4      | Killed Sigmund
  2652 | D:4      | Reached skill level 6 in Unarmed Combat
  2658 | D:4      | Slain by Duvessa

Illustrated notes

Levels and vault maps discovered:
D:1:      dpeg_arrival_houses_and_road, layout_loops_ring, serial_shops,
          nicolae_shop_behind_doors, hangedman_decor_lopped, nrook_mini_vaults
D:2:      layout_loops_ring, serial_shops, shop, nicolae_shop_unique_rings,
          due_unseen_surprise
D:3:      layout_basic, marbit_many_paths, chequers_temple_overflow_minitemple,
          uniq_natasha, uniq_grinder
D:4:      kennysheep_the_goblin_king, layout_cave_pools,
          mainiacjoe_overflow_surrounded_room, mainiacjoe_overflow_alcove_1,
          minmay_puff, uniq_crazy_yiuf_cottage, uniq_sigmund, uniq_duvessa

Skill      XL: |  1  2  3  4  5  6  7 |
---------------+----------------------+-----
Stealth        | 1 2 3 4 5 |  5.2
Unarmed Combat | 5 6 |  6.0
Fighting       | 2 |  2.2
Throwing       | 1 2 |  2.0
Shapeshifting  | 4 |  4.1
Dodging        | 3 |  3.0

Action                     |  1- 3 |  4- 6 |  7- 9 || total
---------------------------+-------+-------+-------++-------
  Melee: Unarmed           |    61 |    49 |    37 ||   147
         Constrict         |    16 |    12 |     8 ||    36
         Punch             |     2 |     4 |     3 ||     9
         Tentacles         |     8 |    10 |    10 ||    28
  Throw: Stone             |     4 |     7 |    24 ||    35
         Dart              |       |       |     4 ||     4
         Throwing net      |       |       |     1 ||     1
    Use: Scroll            |     1 |       |       ||     1
   Stab: Sleeping          |    11 |     3 |     1 ||    15
 Armour: Skin              |    16 |    14 |    14 ||    44
  Dodge: Dodged            |    32 |    26 |    25 ||    83

Table legend: (Time is in decaauts)
 A = Elapsed time spent in this place.
 B = Non-inter-level travel time spent in this place.
 C = Inter-level travel time spent in this place.
 D = Time resting spent in this place.
 E = Time spent auto-exploring this place.
 F = Levels seen in this place.
 G = Mean time per level.
                   A        B        C        D        E       F      G
               +--------+--------+--------+--------+--------+-----+--------+
         Total |   2647 |   2565 |     82 |      0 |   1994 |   4 |  661.8 |
       Dungeon |   2647 |   2565 |     82 |      0 |   1994 |   4 |  661.8 |
               +--------+--------+--------+--------+--------+-----+--------+

Top non-repeatable levels by time:
     D:3: 953 daAuts
     D:1: 783 daAuts
     D:2: 638 daAuts
     D:4: 272 daAuts
